 Dungeon Crawl Stone Soup version 0.27-a0-1290-g15d3ce7508 (webtiles) character file.

Game seed: 5494443994443024418

50 Conn the Magician (level 3, -1/19 HPs)
             Began as a Deep Elf Fire Elementalist on June 15, 2021.
             Slain by a worm (10 damage)
             ... on level 2 of the Dungeon.
             The game lasted 00:04:38 (1890 turns).

Conn the Magician (Deep Elf Fire Elementalist)      Turns: 1890, Time: 00:04:39

Health: -1/19      AC:  4    Str:  5    XL:     3   Next: 55%
Magic:  3/10       EV: 12    Int: 20    God:
Gold:   67         SH:  0    Dex: 15    Spells: 3/10 levels left

rFire    + . .     SeeInvis .   b - +0 dagger
rCold    . . .     Faith    .   (no shield)
rNeg     . . .     Spirit   .   d - +0 robe {rF+}
rPois    .         Reflect  .   e - +1 helmet
rElec    .         Harm     .   (no cloak)
rCorr    .         Rampage  .   (no gloves)
Will     .....                  (no boots)
Stlth    ++........             h - amulet of the acrobat
HPRegen  0.06/turn              (no ring)
MPRegen  0.12/turn              (no ring)

@: very slightly contaminated
A: no striking features
a: no special abilities


You were on level 2 of the Dungeon.
You visited 1 branch of the dungeon, and saw 2 of its levels.

You collected 67 gold pieces.

Inventory:

Hand Weapons
 b - a +0 dagger (weapon)
Armour
 a - a +0 robe
 d - a +0 robe of fire resistance (worn)
 e - a +1 helmet (worn)
Jewellery
 h - an amulet of the acrobat (around neck)
Scrolls
 c - 2 scrolls of identify {unknown}
 f - a scroll of acquirement {unknown}
 g - a scroll of holy word {unknown}


   Skills:
 + Level 2.5 Dodging
 + Level 2.9 Stealth
 * Level 4.2 Spellcasting
 * Level 1.4 Conjurations
 * Level 4.0 Fire Magic


You had 3 spell levels left.
You knew the following spells:

 Your Spells              Type           Power      Damage    Failure   Level
a - Foxfire               Conj/Fire      60%        2x1d7     4%          1
b - Conjure Flame         Conj/Fire      15%        6-21      12%         3
c - Inner Flame           Hex/Fire       12%        N/A       17%         3

Your spell library contained the following spells:

 Spells                   Type           Power      Damage    Failure   Level
 Sticky Flame             Conj/Fire      15%        2d4       38%         4
 Fireball                 Conj/Fire      7%         3d5       75%         5


Dungeon Overview and Level Annotations

Branches:
Dungeon (2/15)

Altars:
Makhleb

Annotations:
D:2 Sigmund


Message History

Casting: Foxfire (safe; 4% risk of failure)
Confirm with . or Enter, or press ? or * to list all spells.
You miscast Foxfire.
Nothing appears to happen.
Casting: Foxfire (safe; 4% risk of failure)
Confirm with . or Enter, or press ? or * to list all spells.
You conjure some foxfire!
The foxfire hits the gnoll.
The gnoll is heavily wounded.
The foxfire hits the gnoll.
The gnoll is severely wounded.
Casting: Foxfire (safe; 4% risk of failure)
Confirm with . or Enter, or press ? or * to list all spells.
You conjure some foxfire!
The gnoll misses you.
The foxfire hits the gnoll.
The gnoll is severely wounded.
The gnoll completely misses you.
Casting: Foxfire (safe; 4% risk of failure)
Confirm with . or Enter, or press ? or * to list all spells.
You conjure some foxfire!
The gnoll closely misses you.
The foxfire hits the gnoll.
The gnoll is almost dead.
The gnoll completely misses you.
Casting: Foxfire (safe; 4% risk of failure)
Confirm with . or Enter, or press ? or * to list all spells.
You conjure some foxfire!
The gnoll hits you with a +0 flail!
The foxfire hits the gnoll but does no damage.
The gnoll is almost dead.
The gnoll hits you with a +0 flail.
Unknown command.
You hit the gnoll but do no damage.
The gnoll is almost dead.
The gnoll closely misses you. The worm closely misses you.
You hit the gnoll.
The gnoll is almost dead.
The gnoll closely misses you.
You hit the gnoll but do no damage.
The gnoll is almost dead.
The gnoll closely misses you. The worm bites you!
Ouch! That really hurt!
You die...

.....## #.#
###....## #.#
....(.... #.#
#####..#... ..#
#.....>.... #.#
#.###..###. #.#
#.###..###.
#w######.##.......
#@g.....(.....####
########.##...#
#.##...####
#.##.......
..##.#.#### .....o
?###.#...# .....
#. #.#.#.## .....
#. #..###P. ...#
#. ##.#P..P.


You could see a worm and a gnoll.

Vanquished Creatures
  2 gnolls (D:2)
  A worm (D:2)
  A ball python (D:1)
  4 endoplasms (D:2)
  A giant cockroach (D:2)
  3 goblins (D:1)
  A hobgoblin (D:1)
  3 jackals (D:2)
  5 kobolds
  A quokka (D:2)
  3 bats
  2 frilled lizards
  2 rats
29 creatures vanquished.

Vanquished Creatures (collateral kills)
  3 foxfires (D:2)
3 creatures vanquished.

Vanquished Creatures (others)
  2 demonic plants (D:2)
  113 foxfires
  2 fungi (D:2)
  3 plants (D:2)
  A withered plant (D:2)
121 creatures vanquished.

Grand Total: 153 creatures vanquished

Notes
Turn   | Place    | Note
-------+----------+-------------------------------------------
     0 | D:1      | Conn the Deep Elf Fire Elementalist began the quest for the
                  | Orb.
     0 | D:1      | Reached XP level 1. HP: 10/10 MP: 6/6
   361 | D:1      | Found a burning altar of Makhleb.
   432 | D:1      | Reached XP level 2. HP: 15/15 MP: 6/8
   989 | D:2      | Found a faded altar of an unknown god.
  1457 | D:2      | Reached XP level 3. HP: 12/19 MP: 3/10
  1669 | D:2      | Learned a level 3 spell: Conjure Flame
  1673 | D:2      | Learned a level 3 spell: Inner Flame
  1816 | D:2      | Noticed Sigmund
  1890 | D:2      | Slain by a worm

Illustrated notes

Levels and vault maps discovered:
D:1:      psy_arrival_fountain, layout_basic, glass_columns_c,
          minmay_misc_feat_iff, minmay_misc_feat_cross, minmay_hexomino_r4
D:2:      layout_loops_ring, shapermc_ecumenical_altar_gd, minmay_guardbox,
          uniq_sigmund

Skill      XL: |  1  2  3 |
---------------+----------+-----
Spellcasting   | 4 |  4.2
Fire Magic     | 4 |  4.0
Dodging        | |  2.5
Stealth        | |  2.9
Conjurations   | |  1.4

Action                   || total
-------------------------++-------
Melee: Dagger            ||     5
 Cast: Foxfire           ||    70
 Stab: Sleeping          ||     2
Armor: Robe              ||     4
Dodge: Dodged            ||    40

Table legend: (Time is in decaauts)
 A = Elapsed time spent in this place.
 B = Non-inter-level travel time spent in this place.
 C = Inter-level travel time spent in this place.
 D = Time resting spent in this place.
 E = Time spent auto-exploring this place.
 F = Levels seen in this place.
 G = Mean time per level.
                   A        B        C        D        E       F      G
               +--------+--------+--------+--------+--------+-----+--------+
         Total |   1890 |   1881 |      9 |     99 |   1241 |   2 |  945.0 |
       Dungeon |   1890 |   1881 |      9 |     99 |   1241 |   2 |  945.0 |
               +--------+--------+--------+--------+--------+-----+--------+

Top non-repeatable levels by time:
     D:1: 1085 daAuts
     D:2: 805 daAuts
